[Event "*** Titled Tuesday Blitz"]
[Site "Chess.com"]
[Date "2019.09.03"]
[Round "5"]
[White "StoreySniper"]
[Black "Ginzburg_Yakov"]
[Result "1/2-1/2"]
[WhiteElo "2366"]
[BlackElo "2516"]
[TimeControl "180+2"]
[EndTime "16:08:45 PDT"]
[Termination "Game drawn - insufficient material"]

1. e4 c5 2. Nf3 Nc6 3. Bb5 g6 4. O-O Bg7 5. c3 e5 6. Na3 Nge7 7. Nc4 d6 8. Ne3 O-O 9. Nd5 Nxd5 10. exd5 Ne7 11. c4 Nf5 12. d3 Nd4 13. Nxd4 exd4 14. Bf4 Bf5 15. Qf3 h5 16. h3 h4 17. Rfe1 Qf6 18.
Bh2 Rad8 19. Re2 g5 20. Rae1 Qg6 21. Rd2 Bh6 22. Rdd1 g4 23. hxg4 Bxg4 24. Qe4 Qxe4 25. dxe4 Bxd1 26. Rxd1 f5 27. e5 dxe5 28. Bxe5 Kf7 29.
Bc7 a6 30. Bxd8 axb5 31. Bxh4 bxc4 32. d6 Ke6 33. Re1+ Kd7 34. Re7+ Kxd6 35. Rh7 Re8 36. Rxh6+ Kd5 37. Bg3 Ke4 38. Kf1 Kd3 39. Bf4 Kc2 40. Rb6 Re4 41. Bh6 d3 42. f3 Rh4 43. Bg5 Rh5 44. Be3 Rh1+ 45. Kf2 Ra1 46. Rxb7 Rxa2 47. Rb5 d2 48. Bxd2 Kxd2 49. Rxc5 Rxb2 50. Rxf5 c3 51. Rd5+ Kc1+ 52. Kg3 c2 53. Rc5 Kb1 54. Kf4 c1=Q+ 55. Rxc1+ Kxc1 56. g4 Kd2 57. g5 Kd3 58. g6 Kd4 59. Kf5 Kd5 60. g7 Rb8 61. Kf6 Kd4 62.
Kf7 Ke5 63. g8=Q Rxg8 64. Kxg8 Kf4 65. Kf7 Kxf3 1/2-1/2

[Event "*** Titled Tuesday Blitz"]
[Site "Chess.com"]
[Date "2019.09.03"]
[Round "5"]
[White "Sanan_Sjugirov"]
[Black "Bigfish1995"]
[Result "1/2-1/2"]
[WhiteElo "2870"]
[BlackElo "3057"]
[TimeControl "180+2"]
[EndTime "16:08:50 PDT"]
[Termination "Game drawn - insufficient material"]

1. e4 c5 2. Nf3 d6 3. d4 cxd4 4. Nxd4 Nf6 5. Nc3 a6 6. Be3 e6 7. Be2 Be7 8. f4 Nc6 9. g4 h6 10. Qd2 Bd7 11. O-O-O b5 12. Bf3 Rc8 13. h4 b4 14. Nce2 d5 15. e5 Nxd4 16. Nxd4 Ne4 17. Bxe4 dxe4 18. Qg2 h5 19. gxh5 Kf8 20. Rhg1 Rh7 21.
h6 Qa5 22. Kb1 Kg8 23. Qxe4 Rxh6 24. f5 Rxh4 25. Qg2 Qxe5 26. Nf3 Bc6 27. Nxe5 Bxg2 28. Rxg2 exf5 29. Nd3 g6 30. b3 Kg7 31. Bc1 a5 32.
Bb2+ Bf6 33. Rf1 Bxb2 34. Kxb2 Kf6 35. a3 bxa3+ 36. Kxa3 Re4 37. c4 Re3 38. Nf4 Ke5 39. Nd5 Rh3 40. Re2+ Kd6 41. Rd1 Kc5 42. Re7 a4 43.
Ka2 axb3+ 44. Kb2 Rc6 45. Rxf7 Kxc4 46. Rd2 Rf3 47. Re7 Kc5 48. Re5 Kd6 49. Ree2 Kc5 50. Nc3 Kb4 51. Nd5+ Ka5 52. Re1 Kb5 53. Re5 Ka4 54.
Re1 g5 55. Re5 Rc2+ 56. Rxc2 bxc2 57. Kxc2 g4 58. Ne3 g3 59. Ng2 Rf2+ 60. Kd3 Rxg2 61.
Rxf5 Rb2 62. Rg5 Kb4 63. Ke3 Rb3+ 64. Kf4 Rc3 65. Rxg3 Rxg3 66. Kxg3 1/2-1/2

[Event "*** Titled Tuesday Blitz"]
[Site "Chess.com"]
[Date "2019.09.03"]
[Round "5"]
[White "popov_m"]
[Black "StephenDedalus83"]
[Result "0-1"]
[WhiteElo "2612"]
[BlackElo "2831"]
[TimeControl "180+2"]
[EndTime "16:08:50 PDT"]
[Termination "StephenDedalus83 won by resignation"]

1. e4 g6 2. d4 Bg7 3. Nc3 d6 4. Bg5 a6 5. Qd2 b5 6. f3 Nd7 7. h4 h6 8. Be3 Bb7 9. h5 g5 10. Nge2 c5 11. Ng3 e6 12. a4 b4 13.
Nd1 Ne7 14. c3 bxc3 15. bxc3 Qa5 16. Nb2 cxd4 17. cxd4 Qxd2+ 18. Kxd2 d5 19. e5 Nxe5 20. dxe5 Bxe5 21. Ne2 Bxb2 22. Rb1 d4 23. Bf2 Bc3+ 24. Nxc3 dxc3+ 25. Kxc3 Bc6 26. Bxa6 Bxa4 27. Bb7 Rd8 28. Rb4 Bc6 29. Bxc6+ Nxc6 30. Rc4 Ne5 31. Rc7 O-O 32. Bd4 Rc8 33. Bxe5 Rxc7+ 34. Bxc7 Rc8 35. Kd4 Rxc7 36. g4 Kg7 37. Ra1 Rb7 38. Ke3 Rb2 39. Ra6 Kf6 40.
Ra8 Rb3+ 41. Ke4 Rb4+ 42. Ke3 Kg7 43. Re8 Rb7 44. Ke4 Rb3 45. Ra8 f5+ 46. gxf5 exf5+ 47. Ke5 Re3+ 48. Kxf5 Rxf3+ 49. Kg4 Rf4+ 50. Kg3 Rh4 51. Ra7+ Kf8 52. Ra8+ Ke7 53. Ra7+ Kd8 54. Ra8+ Kc7 55. Ra7+ Kb6 56. Rh7 Rxh5 57. Kg4 Rh4+ 58. Kf5 Kc5 59. Rd7 g4 60. Kf4 h5 61. Rd1 Rh3 62. Rd8 Kc4 63. Rd1 Kc3 64. Rd8 Rd3 65. Rh8 Rf3+ 66. Ke4 Rh3 67. Kf4 Kd2 68. Re8 Rf3+ 69. Kg5 Re3 70. Rd8+ Rd3 71. Rg8 Rh3 72. Re8 g3 73. Kf4 h4 74.
Kf3 Rh2 75. Rd8+ Ke1 76. Re8+ Kf1 77. Ra8 Rf2+ 78. Kg4 Re2 79. Kxh4 g2 80. Kh3 g1=Q 81. Rf8+ Rf2 82. Rf4 Qg2+ 0-1

[Event "*** Titled Tuesday Blitz"]
[Site "Chess.com"]
[Date "2019.09.03"]
[Round "5"]
[White "amintabatabaei"]
[Black "iturrizaga"]
[Result "1-0"]
[WhiteElo "2914"]
[BlackElo "2936"]
[TimeControl "180+2"]
[EndTime "16:08:56 PDT"]
[Termination "amintabatabaei won by resignation"]

1. e4 c5 2. Nf3 Nc6 3. Bb5 g6 4. Bxc6 bxc6 5. O-O Bg7 6. Re1 e5 7. c3 Ne7 8. d4 cxd4 9. cxd4 exd4 10. Nxd4 O-O 11. Nc3 Re8 12. Bg5 Qb6 13. Nb3 h6 14.
Be3 Qb8 15. Qd2 Kh7 16. Rad1 a5 17. Bf4 Qb6 18. Bd6 a4 19. Nc5 a3 20. b3 Qb4 21. Rc1 Qd4 22. Qxd4 Bxd4 23. Red1 Bg7 24. N3a4 Ng8 25. Nb6 Ra5 26. Nxc8 Rxc8 27. Nxd7 Nf6 28. Nxf6+ Bxf6 29. Bb4 Rb5 30. Bc3 Bg5 31. Bd2 Bf6 32. Be3 Bb2 33. Rc4 h5 34. f3 Be5 35. Bc5 Kg8 36.
Rd7 Ra8 37. Bd4 Bxd4+ 38. Rdxd4 Rxb3 39. axb3 a2 40. Rd1 a1=Q 41. Rxa1 Rxa1+ 42. Kf2 Rb1 43. Rc3 Rb2+ 44. Kg3 Kf8 45. h4 Ke7 46. Kf4 Rxg2 47. Rxc6 Rh2 48. Kg3 Rb2 49. Rb6 Kf8 50. Rb7 Kg7 51.
b4 Kf6 52. b5 Rb1 53. b6 Ke6 54. Kf4 Rh1 55. Kg5 Rg1+ 56. Kf4 Rh1 57. Rb8 Kf6 58. e5+ Kg7 59. Kg3 Rg1+ 60. Kf2 Rh1 61. Kg3 Rg1+ 62. Kh2 Re1 63. f4 Re3 64. Rd8 Rb3 65.
Rd6 Kf8 66. Kg2 Ke7 67. Rf6 Rb2+ 68. Kf3 Rb4 69. Ke3 Rc4 70. Kd3 Rb4 71. Kc3 Rb1 72.
Kc4 Rc1+ 73. Kb5 Rb1+ 74. Ka6 Ra1+ 75. Kb7 Rc1 76. Rc6 Rb1 77. Kc7 1-0

[Event "*** Titled Tuesday Blitz"]
[Site "Chess.com"]
[Date "2019.09.03"]
[Round "5"]
[White "TheBigBoss04"]
[Black "DrMelekess"]
[Result "0-1"]
[WhiteElo "2534"]
[BlackElo "2700"]
[TimeControl "180+2"]
[EndTime "16:08:58 PDT"]
[Termination "DrMelekess won by checkmate"]

1. Nf3 Nf6 2. g3 d5 3. Bg2 c6 4.
O-O Bg4 5. d3 Nbd7 6. Nbd2 e5 7.
c4 d4 8. e3 Be7 9. exd4 exd4 10. b4 O-O 11. Bb2 Bxb4 12. Bxd4 Re8 13. h3 Bh5 14. Rb1 Bc5 15. Bc3 Qc7 16. Kh2 Rad8 17.
Nb3 Bf8 18. Qc2 Bg6 19. Nh4 Ne5 20. Nxg6 hxg6 21. Rbd1 Ned7 22. d4 Nb6 23. Bb2 Qc8 24. Na5 Bb4 25. Bc3 Bxc3 26. Qxc3 Re7 27. Qb2 Qc7 28.
c5 Nbd5 29. Nc4 b6 30. Nd6 Ne8 31. Nc4 Nef6 32. a4 Red7 33. Rb1 bxc5 34. dxc5 Ne7 35.
Nd6 Nf5 36. Nc4 Rd4 37. Rbc1 Nd5 38. Kg1 Qe7 39. g4 Nf4 40. Rfe1 Qh4 41. Qc3 Rd3 42. Qc2 Nxh3+ 43. Kf1 Nf4 44. gxf5 Qh2 45. Ne3 Nxg2 46. Nxg2 Qh1+ 47. Ke2 Qxg2 48. Qxd3 Rxd3 49. Kxd3 gxf5 50. Rc2 Qd5+ 51. Ke2 Qe4+ 52. Kd2 Qxa4 53. Re8+ Kh7 54. Re3 Qd4+ 55. Rd3 Qxf2+ 56. Kc1 Qe1+ 57. Kb2 g5 58. Rd6 Qe5+ 59. Ka2 Qe4 60. Kb3 Kg7 61. Rcd2 g4 62. R6d4 Qe6+ 63. Kb4 Qe5 64. Rd6 a6 65. Rxc6 Qe4+ 66.
Ka5 Qxc6 67. Rc2 Qb5# 0-1

[Event "*** Titled Tuesday Blitz"]
[Site "Chess.com"]
[Date "2019.09.03"]
[Round "5"]
[White "matiss90"]
[Black "JakubPulpan"]
[Result "1/2-1/2"]
[WhiteElo "2543"]
[BlackElo "2743"]
[TimeControl "180+2"]
[EndTime "16:09:17 PDT"]
[Termination "Game drawn by agreement"]

1. e4 e5 2. Nf3 Nc6 3. d4 exd4 4. Nxd4 Bb4+ 5. c3 Bc5 6. Nxc6 bxc6 7. Bd3 Nf6 8. e5 Nd5 9. Qg4 g6 10. Bh6 Bf8 11.
Bxf8 Kxf8 12. O-O d6 13. Qd4 Kg8 14. exd6 cxd6 15. Nd2 Qb6 16. Qh4 Qxb2 17. Ne4 Bf5 18.
Rab1 Qxa2 19. Bc4 Qxc4 20. Nf6+ Nxf6 21. Qxc4 Bxb1 22. Rxb1 Kg7 23. Qxc6 Rab8 24. Ra1 Rbc8 25. Qxd6 Rxc3 26. h3 Re8 27. Rxa7 Rc1+ 28. Kh2 Rce1 29. Qd4 R1e4 30. Qc3 R4e7 31. Ra4 Re4 32. Rxe4 Rxe4 33.
g4 h6 34. Kg3 g5 35. f3 Re6 36. h4 gxh4+ 37. Kxh4 Kg6 38. f4 Re4 39. Qd3 Kg7 40.
Kg3 Re6 41. Kh4 Re4 42. Kg3 Rb4 43. Qc3 Rb5 44. Kh4 Rb1 45. g5 Rh1+ 46. Kg3 hxg5 47. fxg5 Rg1+ 48. Kf4 Rf1+ 49. Ke3 Rf5 50. gxf6+ Rxf6 51. Ke4 Kg6 52. Qg3+ Kh7 53. Ke5 Rg6 54. Qh4+ Kg7 55.
Kf5 Kg8 56. Qd8+ Kg7 57. Qd4+ Kg8 58. Qc3 Re6 59. Kg5 Rg6+ 60. Kh5 Re6 61. Qc8+ Kg7 62.
Qc3+ Kg8 63. Qg3+ Rg6 64. Qe5 Re6 65. Qg5+ Rg6 66. Qd8+ Kg7 67. Qd4+ Kg8 68. Qf4 Kg7 69. Qe5+ Kg8 70. Qd4 1/2-1/2

[Event "*** Titled Tuesday Blitz"]
[Site "Chess.com"]
[Date "2019.09.03"]
[Round "5"]
[White "SanchezKelvin"]
[Black "Chigorinetz"]
[Result "1-0"]
[WhiteElo "2423"]
[BlackElo "2566"]
[TimeControl "180+2"]
[EndTime "16:09:19 PDT"]
[Termination "SanchezKelvin won by checkmate"]

1. d4 d5 2. c4 Nc6 3. Nc3 dxc4 4. d5 Na5 5. e4 c6 6. Be3 Nf6 7. f3 e6 8. dxc6 Qxd1+ 9. Rxd1 bxc6 10. Nge2 Bb4 11.
Bd4 O-O 12. a3 Be7 13. Nc1 Ba6 14. Na4 Rfd8 15. Be2 Bb5 16. Nc3 Ba6 17. Na4 g5 18. Bc3 Nb7 19. Rxd8+ Rxd8 20. b3 Bxa3 21. Bxf6 Bxc1 22.
Bxd8 Nxd8 23. Nc5 Bc8 24. Bxc4 Be3 25. Nd3 c5 26. Ke2 Bd4 27. b4 cxb4 28. Nxb4 Kf8 29. Nc2 Bb6 30. Ra1 Ke7 31. Nb4 Bb7 32. Nd3 Nc6 33.
Ra2 h5 34. Kd1 h4 35. h3 Bc8 36. Bb5 Nd4 37. Ba4 Kd6 38. Ne1 f5 39. exf5 exf5 40.
Rd2 Ke5 41. Nc2 Ne6 42. Ke2 Nf4+ 43. Kd1 g4 44. hxg4 fxg4 45. fxg4 Bxg4+ 46. Kc1 Bf5 47. Bc6 a5 48. Bf3 a4 49. Na3 Bc5 50. Kb2 Nd3+ 51. Ka2 Kf4 52. Nc2 Ne5 53. Bd5 Nd3 54. Bc4 Nc1+ 55. Kb2 Nb3 56. Bxb3 axb3 57. Nd4 Be4 58.
Nxb3 Bb6 59. Rd6 Bf2 60. Rf6+ Kg3 61. Nd2 Bxg2 62. Rg6+ Kh2 63. Kc3 h3 64. Kd3 Bc6 65.
Ke2 Be8 66. Rg5 Bh4 67. Nf3+ Kh1 68. Rg1# 1-0

[Event "*** Titled Tuesday Blitz"]
[Site "Chess.com"]
[Date "2019.09.03"]
[Round "5"]
[White "chess3054"]
[Black "Korchmar_Vasiliy"]
[Result "1-0"]
[WhiteElo "2498"]
[BlackElo "2676"]
[TimeControl "180+2"]
[EndTime "16:09:25 PDT"]
[Termination "chess3054 won on time"]

1. e4 c5 2. Nf3 d6 3. d4 cxd4 4. Nxd4 Nf6 5. Nc3 Nc6 6. Bg5 e6 7. Bb5 Bd7 8. Bxc6 bxc6 9. Qf3 Be7 10. O-O-O Qb6 11. Nb3 a5 12. e5 dxe5 13. Bxf6 Bxf6 14.
Ne4 Be7 15. a4 Qc7 16. Nbc5 Bc8 17. Qg3 O-O 18. Nd3 f5 19. Nc3 Bd6 20. Qh4 e4 21.
Ne1 Be5 22. f3 e3 23. Qc4 Rb8 24. Nd3 Bf6 25. Rde1 f4 26. Kb1 Kh8 27. g3 e5 28.
Ne4 Bf5 29. Ndc5 Rb4 30. Qc3 Qb6 31. b3 h6 32. Rhf1 Bh3 33. Rh1 Bf5 34. Rhg1 Qd8 35. Kc1 Qd4 36. Qxd4 exd4 37. Nxf6 Rxf6 38. gxf4 Rb8 39.
Re2 Bh7 40. Rd1 Rd8 41. c3 Rxf4 42. Ne6 Rb8 43. Nxf4 Rxb3 44. Rc2 Bxc2 45. Kxc2 Rxc3+ 46. Kb2 c5 47. Ne2 Rc4 48. Kb3 Rb4+ 49. Kc2 Rxa4 50. Kd3 Ra3+ 51. Ke4 Ra2 52. Nf4 Rc2 53. Ra1 Rd2 54.
Rxa5 e2 55. Ra1 Rd1 56. Ra8+ Kh7 57. Nxe2 Rh1 58. Kd3 Rxh2 59. Rc8 Rh5 60. Nf4 Rf5 61.
Ke4 Rg5 62. Ne6 Rg1 63. Nxc5 Rc1 64. Kxd4 h5 65. Ke4 h4 66. Kf4 Rg1 67. Ne6 Kg6 68.
Nd4 Kf6 69. Rc6+ Kf7 70. Nf5 h3 71. Rc2 Rg2 72. Rc1 h2 73. Rh1 Kf6 74. Ng3 Ra2 75. Kg4 g5 76. Kh3 Ra3 77. Kg2 Ra2+ 78. Kh3 Ra3 79. Kg4 Ra4+ 80. Ne4+ Ke5 81. Rxh2 1-0

[Event "*** Titled Tuesday Blitz"]
[Site "Chess.com"]
[Date "2019.09.03"]
[Round "5"]
[White "Gentlejimmy7"]
[Black "r31415"]
[Result "1/2-1/2"]
[WhiteElo "2510"]
[BlackElo "2363"]
[TimeControl "180+2"]
[EndTime "16:10:11 PDT"]
[Termination "Game drawn by 50-move rule"]

1. d4 d6 2. Nf3 g6 3. g3 Bg7 4. Bg2 f5 5. h4 Nf6 6. h5 Nxh5 7. Rxh5 gxh5 8. e4 fxe4 9. Nh2 O-O 10. Bxe4 Qe8 11. Qd3 Nc6 12. Be3 e5 13. Bxh7+ Kh8 14. Bg6 Nb4 15. Bxe8 Nxd3+ 16. cxd3 Rxe8 17. dxe5 Bxe5 18. Nc3 h4 19. Nf3 hxg3 20. Nxe5 Rxe5 21. Kd2 c5 22. fxg3 Bf5 23. Rh1+ Kg7 24. g4 Bg6 25. d4 Re6 26.
dxc5 dxc5 27. Bxc5 Rd8+ 28. Kc1 b6 29. Ba3 Rh8 30.
Rxh8 Kxh8 31. Nb5 a5 32. Nd6 Kg7 33. Kd2 Kf6 34. Kc3 Ke5 35. Nc4+ Kd5 36. b3 Bb1 37. Bc1 Bxa2 38. Kb2 Bxb3 39. Kxb3 Rc6 40. Ne3+ Ke4 41. Nc2 Kd3 42. Ne1+ Ke2 43. Nc2 Kd1 44. Be3 Rxc2 45. Bxb6 Rg2 46. Bxa5 Rxg4 47. Bb4 Ke2 48. Ka4 Kd3 49. Kb5 Rg5+ 50. Bc5 Kc3 51. Kc6 Kc4 52. Be3 Rg6+ 53. Kb7 Kb5 54. Bf4 Rf6 55. Be5 Re6 56. Bf4 Rf6 57. Be5 Rf7+ 58. Kb8 Kc6 59.
Bg3 Rg7 60. Bf4 Rb7+ 61. Ka8 Kb6 62. Be3+ Ka6 63. Bf4 Rf7 64. Bh2 Kb6 65. Bg1+ Kc7 66. Bh2+ Kc8 67. Bg1 Rf5 68. Be3 Ra5+ 69. Ba7 Rb5 70. Bf2 Kc7 71. Bg3+ Kc6 72. Bf2 Rf5 73. Bg1 Rg5 74. Bh2 Rg8+ 75. Bb8 Rg2 76. Bf4 Rf2 77. Bg3 Ra2+ 78. Kb8 Ra3 79. Bh2 Rb3+ 80. Ka8 Kb6 81. Bg1+ Kc7 82. Bh2+ Kc8 83. Bg1 Rb1 84. Bf2 Rb8+ 85.
Ka7 Rb2 86. Be3 Ra2+ 87. Kb6 Ra3 88. Bd4 Rd3 89. Kc5 Kd7 90. Kd5 Rh3 91. Ke5 Rh5+ 92. Kf4 Ke6 93. Bg7 Rh7 94. Bb2 Rf7+ 95. Ke4 Rb7 96.
Bc3 Rb3 1/2-1/2

[Event "*** Titled Tuesday Blitz"]
[Site "Chess.com"]
[Date "2019.09.03"]
[Round "5"]
[White "nocnypako"]
[Black "promen1999"]
[Result "0-1"]
[WhiteElo "2591"]
[BlackElo "2745"]
[TimeControl "180+2"]
[EndTime "16:11:16 PDT"]
[Termination "promen1999 won on time"]

1. d4 Nf6 2. Nf3 b6 3. Bg5 Bb7 4. e3 e6 5. Bd3 Be7 6. O-O O-O 7.
Nbd2 c5 8. c3 cxd4 9. cxd4 h6 10.
Bh4 d6 11. Qe2 Nc6 12. Rac1 Nb4 13. a3 Nxd3 14. Qxd3 Qd7 15. Bxf6 Bxf6 16. Rc3 Rfc8 17. Rfc1 Rxc3 18. Rxc3 Rc8 19. h3 Be7 20. Qc2 Rxc3 21. Qxc3 Qc6 22. Qxc6 Bxc6 23. Kf1 Kf8 24. Ke2 Ke8 25.
Kd3 Kd7 26. Kc3 f5 27. Ne1 g5 28. f3 h5 29. e4 Bf6 30. Nd3 Bg7 31. e5 Bb5 32.
Nc4 d5 33. Nd6 Bxd3 34. Kxd3 Bf8 35. Nb5 a6 36. Nc3 Kc6 37. Ne2 h4 38. Kc3 Kb5 39.
Kb3 Kc6 40. Kc3 Be7 41. Kd3 Kb5 42. Nc3+ Kc6 43. Ne2 a5 44. a4 Bb4 45. Nc3 Kd7 46.
Nd1 Ke7 47. Nc3 Ke8 48. Nb5 Kd7 49. Nc3 Be7 50. Nb5 Bf8 51. Ke3 Bh6 52. Ke2 Bg7 53. Kd3 Bf8 54. Ke2 Bb4 55. Kd3 Ke7 56. Ke2 Ke8 57.
Nc7+ Kd7 58. Nb5 Bf8 59. Ke3 Be7 60. Ke2 Bb4 61. Kd3 Be1 62. Ke2 Bg3 63. Nc3 Bf4 64. Nb5 Bc1 65. b3 Bf4 66. Kd3 Bh2 67. Ke2 Bg1 68.
Kd3 Bh2 69. Nd6 Bg3 70. Nf7 Bf4 71. Nd6 Bc1 72. Nf7 Ke7 73. Nd6 Kd8 74. Nf7+ Kd7 75.
Nd6 Ba3 76. Nb5 Bb4 77. Ke2 Ke7 78. Kd3 Ke8 79. Nc7+ Kd7 80. Nb5 Be7 81. Ke2 Ke8 82. Kd3 Kf7 83. Ke2 Kg6 84. Nc7 Kf7 85. Nb5 Bd8 86.
Nd6+ Kg6 87. Ke3 Kh5 88. Nb5 g4 89. fxg4+ fxg4 90. Nd6 Bg5+ 91. Ke2 gxh3 92. gxh3 Kg6 93. Kf3 Be7 94. Kg4 Bg5 95. Nb5 Be3 96. Kxh4 Kf5 97.
Kg3 Ke4 98. h4 Bxd4 99. Nxd4 Kxd4 100. Kf4 Kc3 101. h5 d4 102. h6 d3 103. h7 d2 104. h8=Q d1=Q 105. Qf6 Qd5 106. Qd8 Qxd8 0-1

[Event "*** Titled Tuesday Blitz"]
[Site "Chess.com"]
[Date "2019.09.03"]
[Round "6"]
[White "KRASAVCHIK2002"]
[Black "daro94"]
[Result "0-1"]
[WhiteElo "2393"]
[BlackElo "2891"]
[TimeControl "180+2"]
[EndTime "16:13:57 PDT"]
[Termination "daro94 won by resignation"]

1. e4 c5 2. Nf3 d6 3. d4 cxd4 4. Nxd4 Nf6 5. Nc3 a6 6. f3 e5 7.
Nb3 Be6 8. Be3 Be7 9. Qd2 O-O 10. O-O-O Nbd7 11. g4 b5 12. g5 Nh5 13. Nd5 Bxd5 14. exd5 f6 15. gxf6 Bxf6 16. Na5 Qe8 17. Nc6 Kh8 18.
Qb4 Be7 0-1

[Event "*** Titled Tuesday Blitz"]
[Site "Chess.com"]
[Date "2019.09.03"]
[Round "6"]
[White "ChristianAlm"]
[Black "JussupowFan"]
[Result "1-0"]
[WhiteElo "2293"]
[BlackElo "2191"]
[TimeControl "180+2"]
[EndTime "16:14:51 PDT"]
[Termination "ChristianAlm won by checkmate"]

1. e4 c5 2. Nf3 d6 3. d4 cxd4 4. Nxd4 Nf6 5. Nc3 g6 6. Be3 Bg7 7. f3 a6 8. Qd2 Nbd7 9. Bc4 b5 10.
Bb3 Bb7 11. h4 h5 12. O-O-O Nc5 13. Kb1 Rc8 14. Bd5 O-O 15. Bxb7 Nxb7 16. g4 b4 17. Nd5 hxg4 18. Bh6 gxf3 19. Bxg7 Kxg7 20. Nf5+ gxf5 21. Rdg1+ Kh7 22. Qg5 Rg8 23. Nxf6+ exf6 24. Qh5# 1-0

[Event "*** Titled Tuesday Blitz"]
[Site "Chess.com"]
[Date "2019.09.03"]
[Round "6"]
[White "bascheyaro"]
[Black "ulises2013"]
[Result "1-0"]
[WhiteElo "2688"]
[BlackElo "2500"]
[TimeControl "180+2"]
[EndTime "16:15:00 PDT"]
[Termination "bascheyaro won by resignation"]

1. d4 g6 2. c4 Bg7 3. Nf3 c5 4. Nc3 cxd4 5. Nxd4 Nc6 6. Nxc6 bxc6 7. g3 Nf6 8. Bg2 O-O 9. O-O d6 10. b3 d5 11.
cxd5 cxd5 12. Nxd5 Nxd5 13. Bxd5 Bxa1 14. Bxa8 Bg4 15.
Bf3 Bxf3 16. exf3 Qxd1 17. Rxd1 Rc8 18. Be3 Bf6 19. Bxa7 Rc2 20. a4 h5 21. h4 g5 22.
hxg5 Bxg5 23. f4 Bf6 24. Bd4 1-0

[Event "*** Titled Tuesday Blitz"]
[Site "Chess.com"]
[Date "2019.09.03"]
[Round "6"]
[White "Korchmar_Vasiliy"]
[Black "StoreySniper"]
[Result "1-0"]
[WhiteElo "2678"]
[BlackElo "2364"]
[TimeControl "180+2"]
[EndTime "16:15:27 PDT"]
[Termination "Korchmar_Vasiliy won by resignation"]

1. d4 g6 2. e4 Bg7 3. Nc3 c5 4. d5 d6 5. Bb5+ Bd7 6. a4 Nf6 7. Nf3 O-O 8. O-O Bxb5 9. axb5 Nbd7 10. Bf4 Nb6 11. Qe2 Re8 12. Rfd1 e6 13. dxe6 Rxe6 14. Ng5 Re8 15. Bxd6 Qc8 16. e5 h6 17. Nf3 Nh5 18.
Qe4 f5 19. Qh4 Nd7 20. Nd5 Nxe5 21. Nxe5 Bxe5 22. Bxe5 Rxe5 23. Ne7+ Rxe7 24. Qxe7 Qf8 25. Qxb7 Rd8 26. Rxd8 Qxd8 27. Qxa7 1-0

[Event "*** Titled Tuesday Blitz"]
[Site "Chess.com"]
[Date "2019.09.03"]
[Round "6"]
[White "JakeCarlosBanawa"]
[Black "MarcoRiehle"]
[Result "0-1"]
[WhiteElo "2485"]
[BlackElo "2696"]
[TimeControl "180+2"]
[EndTime "16:15:33 PDT"]
[Termination "MarcoRiehle won by resignation"]

1. d4 d5 2. c4 e6 3. Nc3 c5 4. cxd5 cxd4 5. Qa4+ Bd7 6. Qxd4 exd5 7. Qxd5 Nf6 8. Qd1 Nc6 9. Nf3 Bc5 10. e3 Qe7 11.
Be2 O-O-O 12. b4 Bxb4 13. Qb3 Be6 14. Bc4 Bxc4 15. Qxc4 Qe4 16. Qb3 Qd3 17. Bd2 g5 18. Rb1 g4 19. a3 gxf3 20. axb4 fxg2 0-1

[Event "*** Titled Tuesday Blitz"]
[Site "Chess.com"]
[Date "2019.09.03"]
[Round "6"]
[White "Colombiano07"]
[Black "minnesotachessmaster"]
[Result "1-0"]
[WhiteElo "2192"]
[BlackElo "1956"]
[TimeControl "180+2"]
[EndTime "16:15:44 PDT"]
[Termination "Colombiano07 won by resignation"]

1. d4 Nf6 2. Bf4 e6 3. e3 Bd6 4. Bg3 Bxg3 5. hxg3 Qe7 6. Nf3 Qb4+ 7. Nbd2 Qxb2 8.
Bd3 b6 9. O-O Ba6 10. a3 Bxd3 11.
cxd3 Qb5 12. Rc1 c6 13. Nc4 Ke7 14. e4 d5 15. Nce5 h6 16. Re1 Rd8 17. a4 Qa5 18. Rxc6 Kf8 19. Rc7 Nbd7 20. Nc6 Qa6 21.
Nxd8 Rxd8 22. Ne5 Nxe5 23. dxe5 Nd7 24. exd5 Nc5 25. Qf3 Rd7 26. Rxd7 Nxd7 27. dxe6 1-0

[Event "*** Titled Tuesday Blitz"]
[Site "Chess.com"]
[Date "2019.09.03"]
[Round "6"]
[White "guillembaches"]
[Black "TheBigBoss04"]
[Result "1-0"]
[WhiteElo "2330"]
[BlackElo "2520"]
[TimeControl "180+2"]
[EndTime "16:16:33 PDT"]
[Termination "guillembaches won by checkmate"]

1. e4 g6 2. d4 Bg7 3. Be3 d6 4. Qd2 a6 5. f3 b5 6. h4 h6 7. Nc3 Bb7 8. O-O-O Nd7 9. Kb1 e6 10. Nge2 Nb6 11. Nf4 b4 12. Nce2 Nc4 13. Qd3 Nxe3 14. Qxe3 Ne7 15. g4 a5 16. Bh3 a4 17. g5 hxg5 18. hxg5 Qd7 19. d5 Rxh3 20. dxe6 fxe6 21. Nxh3 b3 22. cxb3 a3 23. bxa3 Rxa3 24. Nhf4 Ba6 25. Rh7 Kf8 26. Rdh1 c5 27. Qg1 c4 28. Rxg7 Kxg7 29.
Qh2 Qe8 30. Qh7+ Kf8 31. Nxe6# 1-0

[Event "*** Titled Tuesday Blitz"]
[Site "Chess.com"]
[Date "2019.09.03"]
[Round "6"]
[White "xberli"]
[Black "MarshKnight"]
[Result "1-0"]
[WhiteElo "2461"]
[BlackElo "2201"]
[TimeControl "180+2"]
[EndTime "16:16:46 PDT"]
[Termination "xberli won by checkmate"]

1. e4 e6 2. d4 d5 3. e5 c5 4.
c3 Nc6 5. Nf3 Qb6 6. a3 f6 7. exf6 Nxf6 8. Bd3 Bd6 9. O-O O-O 10. Re1 Bd7 11. b4 cxd4 12. cxd4 Rae8 13. Nc3 a6 14. Na4 Qc7 15. Nc5 e5 16. Nxd7 Nxd7 17. dxe5 Ncxe5 18. Bb2 Nxf3+ 19. gxf3 Bxh2+ 20. Kg2 Be5 21. Bxh7+ Kxh7 22. Rh1+ Kg8 23. Qxd5+ Rf7 24. Rh8+ Kxh8 25. Qxf7 Re6 26. Qxe6 Nf6 27. Rh1+ Nh7 28. Qe8# 1-0

[Event "*** Titled Tuesday Blitz"]
[Site "Chess.com"]
[Date "2019.09.03"]
[Round "6"]
[White "chorejason"]
[Black "MalyDominator"]
[Result "0-1"]
[WhiteElo "2112"]
[BlackElo "2318"]
[TimeControl "180+2"]
[EndTime "16:16:46 PDT"]
[Termination "MalyDominator won by resignation"]

1. e4 c5 2. Nf3 d6 3. d4 cxd4 4.
Nxd4 Nf6 5. Nc3 Nc6 6. Bc4 e6 7. O-O Be7 8. Bb3 O-O 9. Be3 a6 10. f4 Bd7 11. Qf3 Nxd4 12. Bxd4 Bc6 13. g4 Nd7 14. g5 e5 15. fxe5 Nxe5 16. Bxe5 dxe5 17.
Bxf7+ Kh8 18. h4 Qb6+ 19. Kh2 Qxb2 20. Rab1 Qxc2+ 21. Rf2 Bxe4 22. Qg3 Qd3 23. Qxe5 Bd6 0-1

[Event "*** Titled Tuesday Blitz"]
[Site "Chess.com"]
[Date "2019.09.03"]
[Round "6"]
[White "Witik"]
[Black "albano87"]
[Result "1-0"]
[WhiteElo "2552"]
[BlackElo "2082"]
[TimeControl "180+2"]
[EndTime "16:16:52 PDT"]
[Termination "Witik won by resignation"]

1. d4 Nf6 2. c4 e6 3. Nf3 b6 4. g3 Bb7 5. Bg2 c5 6. d5 exd5 7. Nh4 g6 8. Nc3 Bg7 9. Bg5 O-O 10. Nxd5 Bxd5 11. Bxd5 Nc6 12. O-O Qe7 13. e3 Rad8 14.
Nf3 Bh6 15. Bxh6 Rfe8 16. Bg5 Kg7 17. Kg2 h6 18. Bxf6+ Qxf6 19. Qd2 Nb4 20. e4 h5 21. h4 d6 22. Rfe1 Re7 23. a3 Na6 24. Qg5 Nc7 25. Rad1 Rde8 26. Bc6 Rd8 27. Qxf6+ Kxf6 28. e5+ 1-0

[Event "*** Titled Tuesday Blitz"]
[Site "Chess.com"]
[Date "2019.09.03"]
[Round "6"]
[White "ENEASZ"]
[Black "2165149677570"]
[Result "1-0"]
[WhiteElo "2542"]
[BlackElo "2309"]
[TimeControl "180+2"]
[EndTime "16:16:52 PDT"]
[Termination "ENEASZ won by resignation"]

1. e4 c5 2. c3 d5 3. exd5 Qxd5 4. d4 Nc6 5. Nf3 Bf5 6. Be2 cxd4 7. cxd4 Bxb1 8. Rxb1 e6 9. O-O Nf6 10. b4 Bxb4 11. Ne5 Bd6 12. Bf3 Ne4 13. Re1 Bxe5 14. Bxe4 Qxd4 15. Rxb7 Nd8 16. Qxd4 Bxd4 17. Rc7 Rb8 18. Ba3 Bf6 19. Bc2 Nb7 20. Ba4+ Kd8 21. Rd7+ Kc8 22. Rc1+ 1-0

[Event "*** Titled Tuesday Blitz"]
[Site "Chess.com"]
[Date "2019.09.03"]
[Round "6"]
[White "promen1999"]
[Black "Sosat98"]
[Result "1-0"]
[WhiteElo "2750"]
[BlackElo "2613"]
[TimeControl "180+2"]
[EndTime "16:16:53 PDT"]
[Termination "promen1999 won by resignation"]

1. d4 Nf6 2. c4 e6 3. Nf3 b6 4. g3 Bb7 5. Bg2 g6 6. Nc3 Bg7 7. O-O O-O 8. d5 exd5 9. cxd5 Re8 10. Bf4 Na6 11. Rc1 c5 12. a3 d6 13. Re1 Ne4 14. Nxe4 Rxe4 15. Nd2 Rxf4 16. gxf4 Nc7 17. Nc4 Ba6 18.
b3 b5 19. Na5 Bb2 20. Rc2 Qf6 21. e4 Bxa3 22. e5 Qxf4 23. Nc6 c4 24. Re4 Qf5 25. Ne7+ Kf8 26. Nxf5 gxf5 27. Rh4 dxe5 28. d6 Rd8 29.
Rxh7 Rxd6 30. Qh5 Rf6 31. Qg5 Ke7 32. Rh6 Ne8 33. bxc4 b4 34. Re2 b3 35. Rxf6 1-0

[Event "*** Titled Tuesday Blitz"]
[Site "Chess.com"]
[Date "2019.09.03"]
[Round "6"]
[White "Potosino1970"]
[Black "Walter_White_Poland"]
[Result "0-1"]
[WhiteElo "2542"]
[BlackElo "2336"]
[TimeControl "180+2"]
[EndTime "16:16:53 PDT"]
[Termination "Walter_White_Poland won by resignation"]

1. d4 Nf6 2. Bg5 e6 3. e4 h6 4.
Bxf6 Qxf6 5. Nc3 Bb4 6. a3 Bxc3+ 7. bxc3 d6 8. Bd3 e5 9. Ne2 g5 10. Qd2 Nc6 11. Qe3 Bd7 12. g3 g4 13. Rf1 Qg5 14. f4 gxf3 15. Qxf3 O-O-O 16. Qf6 exd4 17. cxd4 Qa5+ 18.
c3 Bg4 19. Kd2 d5 20. e5 Bxe2 21. Bxe2 Nxd4 22. Bg4+ Kb8 23. Rfb1 Nb5 24. Rb4 c5 25.
Rb3 Nxc3 0-1